 Dungeon Crawl Stone Soup version 0.22.0-60-ga52c2fc (webtiles) character file.

6494 Merlin the Spear-Bearer (level 11, 0/130 HPs)
             Began as a Gnoll Wanderer on Sept 9, 2018.
             Was an Initiate of Gozag.
             Slain by a vampire mosquito (1 damage)
             ... on level 12 of the Dungeon.
             The game lasted 00:51:59 (11317 turns).

Merlin the Spear-Bearer (Gnoll Wanderer)           Turns: 11317, Time: 00:52:01

Health: 0/130      AC: 29    Str: 18    XL:     11   Next: 0%
Magic:  19/19      EV:  2    Int: 18    God:    Gozag
Gold:   754        SH:  0    Dex: 15    Spells: 19/21 levels left

rFire    . . .     SeeInvis .   H - +4 halberd
rCold    . . .     Gourm    .   (shield currently unavailable)
rNeg     + + +     Faith    .   (armour currently unavailable)
rPois    +         Spirit   .   (helmet currently unavailable)
rElec    .         Reflect  .   (cloak currently unavailable)
rCorr    .         Harm     .   (gloves currently unavailable)
MR       .....     NoTele   +   (boots currently unavailable)
Stlth    +.........             (no amulet)
HPRegen  0.31/turn              p - +4 ring of protection
MPRegen  0.16/turn              J - +4 ring of strength

@: confused, tree-form
A: distributed training, strong nose
a: Potion Petition, Call Merchant, Bribe Branch, Renounce Religion


You were on level 12 of the Dungeon.
You worshipped Gozag.
Gozag was pleased with you.
You were not hungry.
You were a tree.
You visited 1 branch of the dungeon, and saw 11 of its levels.
You also visited: Ossuary.

You collected 1212 gold pieces.
You spent 366 gold pieces at shops.
You paid 92 gold pieces to Gozag.

Inventory:

Hand Weapons
 a - the +9 flail of Morchim {vamp, rF+ Stlth+}
   (You found it on level 7 of the Dungeon)

   It inflicts no extra harm, but heals its wielder when it wounds a living foe.
   It protects you from fire.
   It makes you more stealthy.
 q - a +0 great sword of holy wrath
 w - a +2 hand axe of venom
 E - a +2 spear of flaming
 H - a +4 halberd (weapon)
Armour
 d - a +0 robe
 n - a +0 scale mail (melded)
 B - a +0 leather armour
Jewellery
 p - a +4 ring of protection (left branch)
 y - an uncursed ring of ice
 F - an uncursed ring of magical power
 J - a +4 ring of strength (right branch)
 M - an uncursed ring of see invisible
Wands
 o - a wand of flame (19)
 u - a wand of random effects (11)
 x - a wand of disintegration (9)
 G - a wand of paralysis (10)
 K - a wand of acid (8)
 L - a wand of iceblast (8)
 N - a wand of digging (10)
Scrolls
 c - 2 scrolls of teleportation
 e - a scroll of enchant armour {unknown}
 g - 8 scrolls of remove curse
 h - a scroll of noise {unknown}
 j - 2 scrolls of fog
 l - 2 scrolls of magic mapping
 m - 3 scrolls of identify
 t - 2 scrolls of immolation
 C - a scroll of amnesia
 O - a scroll of vulnerability {unknown}
Potions
 b - 5 potions of lignification
 i - 2 potions of agility
 k - a potion of berserk rage
 r - 2 potions of brilliance
 s - 2 potions of flight
 v - a potion of curing
 z - a potion of resistance
 D - a potion of haste {unknown}
 I - a potion of degeneration {unknown}
Comestibles
 f - 19 rations


   Skills:
 + Level 8.8 Fighting
 + Level 5.7 Short Blades
 + Level 5.7 Long Blades
 + Level 5.7 Axes
 + Level 5.7 Maces & Flails
 + Level 8.8 Polearms
 + Level 5.7 Staves
 + Level 5.7 Slings
 + Level 5.7 Bows
 + Level 5.7 Crossbows
 + Level 5.7 Throwing
 + Level 7.4 Armour
 + Level 5.7 Dodging
 + Level 5.7 Stealth
 + Level 7.4 Shields
 + Level 5.7 Unarmed Combat
 + Level 5.7 Spellcasting
 + Level 4.7 Conjurations
 + Level 4.7 Hexes
 + Level 4.7 Charms
 + Level 4.7 Summonings
 + Level 4.7 Necromancy
 + Level 4.7 Translocations
 + Level 4.7 Transmutations
 + Level 4.7 Fire Magic
 + Level 4.7 Ice Magic
 + Level 4.7 Air Magic
 + Level 4.7 Earth Magic
 + Level 4.7 Poison Magic
 + Level 6.2 Invocations
 + Level 5.7 Evocations


You had 19 spell levels left.
You knew the following spells:

 Your Spells              Type           Power        Failure   Level  Hunger
a - Animate Skeleton      Necr           N/A          1%          1    None
b - Pain                  Necr           ###.         1%          1    None

Your spell library contained the following spells:

 Spells                   Type           Power        Failure   Level  Hunger
 Regeneration             Chrm/Necr      ###.......   5%          3    ##.....
 Vampiric Draining        Necr           ###.......   5%          3    ##.....
 Animate Dead             Necr           N/A          19%         4    ####...
 Cause Fear               Hex            ###.......   19%         4    ####...
 Silence                  Hex/Air        ###.......   45%         5    #####..
 Yara's Violent Unravell  Hex/Tmut       ###.......   45%         5    #####..
 Deflect Missiles         Chrm/Air       ###.......   95%         6    #######
 Discord                  Hex            ###.......   100%        8    #######


Dungeon Overview and Level Annotations

Branches:
Dungeon (10/15)            Temple (0/1) D:6
   Lair: D:8-11         Orc: D:9-12

Altars:
Ashenzari
Cheibriados
Dithmenos
Fedhas
Gozag
Hepliaklqana
Kikubaaqudgha
Makhleb
Nemelex Xobeh
Okawaru
Qazlal
Trog
Wu Jian
Yredelemnul
The Shining One

Shops:
D:7 *   D:10 %

Annotations:
D:5 Edmund


Innate Abilities, Weirdness & Mutations

Your experience applies equally to all skills.
((You have very sharp teeth.))
Your uncanny sense of smell can sniff out nearby items.


Message History

The vampire mosquito bites you but does no damage.
The vampire mosquito barely misses you.
The vampire mosquito bites you but does no damage. x3
You miss the vampire mosquito.
The vampire mosquito is moderately damaged.
The vampire mosquito bites you but does no damage.
The vampire mosquito completely misses you.
The vampire mosquito bites you but does no damage. x2
The vampire mosquito bites you.
* * * LOW HITPOINT WARNING * * *
The vampire mosquito bites you but does no damage.
You are confused.
You feel invigorated.
The vampire mosquito bites you but does no damage.
The vampire mosquito bites you!
* * * LOW HITPOINT WARNING * * *
The vampire mosquito bites you but does no damage.
The vampire mosquito bites you.
You die...
Your body crumbles into a pile of gold.

####...........
#........>.....
#..............
#...............
#...............
#########...............
..............%.........
.......yy$..............
.......y♣$..............
##########'####.........
..............#.........
..............#.........
..............#.........
#####)......#.........
#....####.........
#))..#............
#....'...#####....


You could see 3 vampire mosquitoes.

Vanquished Creatures
  Pikel (D:4)
  An ugly thing (D:9)
  Grinder (D:4)
  A hornet (D:8)
  A human (D:7)
  2 yaks
  3 hogs (D:7)
  A vampire mosquito (D:12)
  A hungry ghost (D:9)
  A steam dragon (D:8)
  2 phantoms
  4 slaves (D:4)
  A necrophage (D:8)
  2 orc warriors
  2 sky beasts
  A black bear (D:6)
  An ice beast (D:8)
  2 centaurs
  4 ogres
  4 bullfrogs
  An elf zombie (Ossuary)
  A wyvern skeleton (D:8)
  A scorpion (D:8)
  A killer bee (D:9)
  4 wights (D:7)
  2 howler monkeys (D:9)
  A vampire bat (D:7)
  5 crimson imps
  2 centaur zombies
  6 hounds
  A jelly (D:7)
  5 orc priests
  2 bullfrog skeletons
  2 centaur skeletons (D:4)
  7 orc wizards
  Natasha (D:3)
  5 iguanas
  7 worker ants
  A killer bee zombie (D:9)
  A big kobold zombie (Ossuary)
  3 hound zombies
  4 mummies (Ossuary)
  A howler monkey skeleton (D:6)
  12 adders
  9 gnolls
  A shadow imp (D:12)
  3 oozes
  3 adder zombies
  An adder skeleton (D:9)
  2 dart slugs (D:1)
  3 leopard geckos
  30 orcs
  7 bats
  4 bat skeletons (D:7)
  A bat zombie (D:7)
  5 giant cockroaches
  4 goblins
  7 hobgoblins
  10 jackals
  7 kobolds
  3 quokkas
  2 ball pythons
  4 frilled lizards
  2 goblin zombies (Ossuary)
  A hobgoblin zombie (Ossuary)
  A jackal zombie (Ossuary)
  2 kobold zombies (Ossuary)
  A leopard gecko zombie (D:8)
  9 rats
  A rat zombie (Ossuary)
  A bush (D:2)
  A plant (D:2)
237 creatures vanquished.

Notes
Turn   | Place    | Note
-------+----------+-------------------------------------------
     0 | D:1      | Merlin the Gnoll Wanderer began the quest for the Orb.
     0 | D:1      | Merlin set off with: a +2 spear, a potion of lignification,
                  | a scroll of teleportation, a +0 robe, a ration
     0 | D:1      | Reached XP level 1. HP: 23/23 MP: 1/1
   274 | D:1      | Reached XP level 2. HP: 29/29 MP: 2/2
   664 | D:1      | Reached XP level 3. HP: 35/35 MP: 3/3
  1384 | D:2      | Reached skill level 1 in Invocations
  1485 | D:2      | Found a bloodstained altar of Trog.
  1770 | D:2      | Found a shattered altar of Ashenzari.
  1781 | D:2      | Reached skill level 1 in Short Blades
  1781 | D:2      | Reached skill level 1 in Long Blades
  1781 | D:2      | Reached skill level 1 in Axes
  1781 | D:2      | Reached skill level 1 in Maces & Flails
  1781 | D:2      | Reached skill level 1 in Staves
  1781 | D:2      | Reached skill level 1 in Slings
  1781 | D:2      | Reached skill level 1 in Bows
  1781 | D:2      | Reached skill level 1 in Crossbows
  1781 | D:2      | Reached skill level 1 in Throwing
  1781 | D:2      | Reached skill level 1 in Dodging
  1781 | D:2      | Reached skill level 1 in Stealth
  1781 | D:2      | Reached skill level 1 in Unarmed Combat
  1781 | D:2      | Reached skill level 1 in Spellcasting
  1781 | D:2      | Reached skill level 1 in Evocations
  2162 | D:2      | Reached XP level 4. HP: 36/41 MP: 5/5
  2243 | D:3      | Noticed a phantom
  2283 | D:3      | Killed a phantom
  2283 | D:3      | Reached skill level 1 in Conjurations
  2283 | D:3      | Reached skill level 1 in Hexes
  2283 | D:3      | Reached skill level 1 in Charms
  2283 | D:3      | Reached skill level 1 in Summonings
  2283 | D:3      | Reached skill level 1 in Necromancy
  2283 | D:3      | Reached skill level 1 in Translocations
  2283 | D:3      | Reached skill level 1 in Transmutations
  2283 | D:3      | Reached skill level 1 in Fire Magic
  2283 | D:3      | Reached skill level 1 in Ice Magic
  2283 | D:3      | Reached skill level 1 in Air Magic
  2283 | D:3      | Reached skill level 1 in Earth Magic
  2283 | D:3      | Reached skill level 1 in Poison Magic
  2283 | D:3      | Reached XP level 5. HP: 37/47 MP: 5/7
  2946 | D:3      | Reached XP level 6. HP: 52/53 MP: 8/8
  3057 | D:3      | Noticed Natasha
  3064 | D:3      | Killed Natasha
  3451 | D:4      | Found a sand-covered staircase.
  3456 | Ossuary  | Entered an ossuary
  3490 | Ossuary  | Reached skill level 5 in Armour
  3490 | Ossuary  | Reached skill level 5 in Shields
  3708 | Ossuary  | Reached XP level 7. HP: 45/59 MP: 10/10
  4273 | D:4      | Noticed Grinder
  4277 | D:4      | Killed Grinder
  4447 | D:4      | Noticed Pikel
  4467 | D:4      | Killed Pikel
  4467 | D:4      | Reached XP level 8. HP: 41/67 MP: 12/12
  5047 | D:5      | Entered Level 5 of the Dungeon
  5430 | D:5      | Noticed Edmund
  5513 | D:5      | Learned a level 1 spell: Animate Skeleton
  5515 | D:5      | Learned a level 1 spell: Pain
  5519 | D:5      | Learned a level 3 spell: Vampiric Draining
  5549 | D:5      | Found a snail-covered altar of Cheibriados.
  5593 | D:5      | Reached XP level 9. HP: 24/72 MP: 0/14
  5598 | D:5      | Found an ornate altar of the Wu Jian Council.
  6203 | D:5      | Found an opulent altar of Gozag.
  6204 | D:5      | Found a shadowy altar of Dithmenos.
  6204 | D:5      | Found an iron altar of Okawaru.
  6204 | D:5      | Found a blossoming altar of Fedhas.
  6204 | D:5      | Found a burning altar of Makhleb.
  6206 | D:5      | Found a hazy altar of Hepliaklqana.
  6207 | D:5      | Found a basalt altar of Yredelemnul.
  6209 | D:5      | Found a sparkling altar of Nemelex Xobeh.
  6220 | D:5      | Became a worshipper of Gozag Ym Sagoz the Greedy
  6419 | D:6      | Found a stormy altar of Qazlal.
  6496 | D:6      | Found a staircase to the Ecumenical Temple.
  7329 | D:7      | Got a dazzling flail
  7330 | D:7      | Identified the +9 flail of Morchim {vamp, rF+ Stlth+} (You
                  | found it on level 7 of the Dungeon)
  7447 | D:7      | Found Vuiceel's Assorted Antiques.
  7455 | D:7      | Bought a sharpened wooden wand for 116 gold pieces
  7758 | D:7      | Reached skill level 5 in Invocations
  8202 | D:7      | Found an ancient bone altar of Kikubaaqudgha.
  8353 | D:7      | Reached XP level 10. HP: 24/80 MP: 15/17
  9036 | D:8      | Reached skill level 5 in Short Blades
  9036 | D:8      | Reached skill level 5 in Long Blades
  9036 | D:8      | Reached skill level 5 in Axes
  9036 | D:8      | Reached skill level 5 in Maces & Flails
  9036 | D:8      | Reached skill level 5 in Staves
  9036 | D:8      | Reached skill level 5 in Slings
  9036 | D:8      | Reached skill level 5 in Bows
  9036 | D:8      | Reached skill level 5 in Crossbows
  9036 | D:8      | Reached skill level 5 in Throwing
  9036 | D:8      | Reached skill level 5 in Dodging
  9036 | D:8      | Reached skill level 5 in Stealth
  9036 | D:8      | Reached skill level 5 in Unarmed Combat
  9036 | D:8      | Reached skill level 5 in Spellcasting
  9036 | D:8      | Reached skill level 5 in Evocations
  9210 | D:8      | Found a glowing golden altar of the Shining One.
  9816 | D:8      | Found a burning altar of Makhleb.
 10084 | D:9      | Noticed a white ugly thing
 10089 | D:9      | Killed a white ugly thing
 11130 | D:10     | Entered Level 10 of the Dungeon
 11192 | D:10     | Found Puxkaerr's Food Emporium.
 11200 | D:10     | Bought a ration for 50 gold pieces
 11200 | D:10     | Bought a ration for 50 gold pieces
 11200 | D:10     | Bought a ration for 50 gold pieces
 11200 | D:10     | Bought a ration for 50 gold pieces
 11200 | D:10     | Bought a ration for 50 gold pieces
 11207 | D:10     | You fall through a shaft for 2 floors!
 11308 | D:12     | Reached XP level 11. HP: 30/87 MP: 19/19
 11313 | D:12     | HP: 5/130 [vampire mosquito (4)]
 11317 | D:12     | HP: 1/130 [vampire mosquito (7)]
 11317 | D:12     | Slain by a vampire mosquito

Skill      XL: |  1  2  3  4  5  6  7  8  9 10 |
---------------+-------------------------------+-----
Invocations    | 1 2 3 4 5 6 |  6.2
Short Blades   | 1 2 3 4 5 |  5.7
Long Blades    | 1 2 3 4 5 |  5.7
Axes           | 1 2 3 4 5 |  5.7
Maces & Flails | 1 2 3 4 5 |  5.7
Staves         | 1 2 3 4 5 |  5.7
Slings         | 1 2 3 4 5 |  5.7
Bows           | 1 2 3 4 5 |  5.7
Crossbows      | 1 2 3 4 5 |  5.7
Throwing       | 1 2 3 4 5 |  5.7
Dodging        | 1 2 3 4 5 |  5.7
Stealth        | 1 2 3 4 5 |  5.7
Unarmed Combat | 1 2 3 4 5 |  5.7
Spellcasting   | 1 2 3 4 5 |  5.7
Evocations     | 1 2 3 4 5 |  5.7
Conjurations   | 1 2 3 4 |  4.7
Hexes          | 1 2 3 4 |  4.7
Charms         | 1 2 3 4 |  4.7
Summonings     | 1 2 3 4 |  4.7
Necromancy     | 1 2 3 4 |  4.7
Translocations | 1 2 3 4 |  4.7
Transmutations | 1 2 3 4 |  4.7
Fire Magic     | 1 2 3 4 |  4.7
Ice Magic      | 1 2 3 4 |  4.7
Air Magic      | 1 2 3 4 |  4.7
Earth Magic    | 1 2 3 4 |  4.7
Poison Magic   | 1 2 3 4 |  4.7
Armour         | 5 6 7 |  7.4
Shields        | 5 6 7 |  7.4
Fighting       | 7 8 |  8.8
Polearms       | 7 8 |  8.8

Action                   |  1- 3 |  4- 6 |  7- 9 | 10-12 || total
-------------------------+-------+-------+-------+-------++-------
Melee: Spear             |   300 |   205 |   421 |       ||   926
       Bite              |    45 |    26 |    51 |    17 ||   139
       Punch             |     1 |       |     7 |       ||     8
       Hand axe          |       |       |    66 |       ||    66
       Halberd           |       |       |    68 |   211 ||   279
 Cast: Pain              |       |       |     3 |       ||     3
       Vampiric Draining |       |       |     2 |     2 ||     4
Evoke: Wand              |       |       |     7 |     6 ||    13
  Use: Scroll            |     1 |       |    11 |     7 ||    19
       Potion            |       |       |     2 |     5 ||     7
 Stab: Sleeping          |     1 |       |     1 |     3 ||     5
       Distracted        |       |       |     2 |     1 ||     3
       Paralysed         |       |       |       |     1 ||     1
  Eat: Chunk             |     4 |     5 |     6 |       ||    15
       Ration            |       |       |     3 |     4 ||     7
Armor: Robe              |    11 |       |     4 |       ||    15
       Scale mail        |    11 |    89 |   210 |    90 ||   400
       Skin              |       |       |       |    90 ||    90
Dodge: Dodged            |    52 |    74 |   269 |   115 ||   510
